 Dungeon Crawl Stone Soup version 0.19.5 (webtiles) character file.

3150 McKennaii the Carver (level 9, -2/70 HPs)
             Began as a Demonspawn Abyssal Knight on May 1, 2017.
             Was a Priest of Lugonu.
             Slain by a hornet (11 damage)
             ... while paralysed by a hornet
             ... on level 8 of the Dungeon.
             The game lasted 00:20:52 (6862 turns).

McKennaii the Carver (Demonspawn Abyssal Knight)    Turns: 6862, Time: 00:20:52

Health: -2/70      AC: 18    Str: 16    XL:     9   Next: 62%
Magic:  11/11      EV:  2    Int: 13    God:    Lugonu [***...]
Gold:   539        SH:  0    Dex: 16    Spells: 0 memorised, 8 levels left

rFire  . . .     SeeInvis .     a - +5 long sword
rCold  . . .     Gourm    .     z - +2 scale mail {rN+}
rNeg   + . .     Faith    .     (no shield)
rPois  .         Spirit   .     (no helmet)
rElec  .         Reflect  .     (no cloak)
rCorr  .         Harm     .     (no gloves)
MR     .....                    (no boots)
Stlth  ..........               (no amulet)
                                F - +5 ring of evasion
                                l - +3 ring of strength

@: paralysed, lethally poisoned (-2 -> -14), sanguine armour, slowed
A: talons 1, demonic guardian 1, sanguine armour 2
a: Depart the Abyss, Bend Space, Banish, Renounce Religion


You were on level 8 of the Dungeon.
You worshipped Lugonu.
Lugonu was most pleased with you.
You were not hungry.

You visited 1 branch of the dungeon, and saw 8 of its levels.
You visited the Abyss 1 time.

You collected 539 gold pieces.

Inventory:

Hand Weapons
 a - a +5 long sword (weapon)
Armour
 z - a +2 scale mail of positive energy (worn)
Jewellery
 l - a +3 ring of strength (left hand)
 F - a +5 ring of evasion (right hand)
Wands
 k - a wand of enslavement (10/24)
 t - a wand of slowing (37/48)
 u - a wand of random effects (22/48)
 C - a wand of polymorph (6/24)
 I - a wand of confusion (37/48)
Scrolls
 e - 3 scrolls of fear
 h - 7 scrolls of identify
 j - 2 scrolls of noise {unknown}
 m - 3 scrolls of fog {unknown}
 o - 2 scrolls of blinking {unknown}
 p - 3 scrolls of enchant armour {unknown}
 r - a scroll of enchant weapon {unknown}
 s - 2 scrolls of magic mapping {unknown}
 y - a scroll of random uselessness {unknown}
 J - 3 scrolls of teleportation {unknown}
Potions
 f - a potion of degeneration {unknown}
 g - 3 potions of resistance
 i - 2 potions of heal wounds
 n - 3 potions of haste {unknown}
 E - a potion of berserk rage
 G - a potion of flight {unknown}
 H - a potion of might {unknown}
Comestibles
 b - 3 fruits
 c - 7 bread rations
 v - a beef jerky
 B - 2 meat rations


   Skills:
 + Level 6.3 Fighting
 + Level 8.9 Long Blades
 + Level 6.3 Armour
 + Level 3.4 Dodging
 + Level 1.1 Stealth
 + Level 2.8 Invocations


You had 8 spell levels left.
You didn't know any spells.

Dungeon Overview and Level Annotations

Branches:
Dungeon (8/15)             Temple (0/1) D:4            Lair (0/6) D:8

Altars:
Elyvilon
Nemelex Xobeh
Ru
Uskayaw

Shops:
D:6 *


Innate Abilities, Weirdness & Mutations

You have sharp toenails.
A weak demonic guardian rushes to your aid.
When seriously injured, your bleeding wounds create thick armour. (AC +9)


Message History

Something stings your white imp!
The hornet stings you but does no damage.
You closely miss the hornet.
The hornet is lightly wounded.
You feel sick. The hornet stings you!
You are more poisoned.
You suddenly lose the ability to move!
Something stings your white imp!
Your white imp dies!
The worm bites you!
* * * LOW HITPOINT WARNING * * *
The hornet stings you but does no damage.
You feel yourself speed up.
You feel sick. The hornet stings you.
* * * LOW HITPOINT WARNING * * *
You feel yourself slow down. The worm bites you.
* * * LOW HITPOINT WARNING * * *
A soldier ant comes into view.
* * * LOW HITPOINT WARNING * * *
You feel sick. The hornet stings you!
You die...

#.#.#.### #.#.#.#
..#.#.#
###.#.############
..[>.............##
.........####..#..#
###.#.#### ###.###
......# #.#w#
#.....#### #.#@#
..._.....# ##y#a#
.........# #.# ##
.........# ##
...+#.#####
..........#
#....>###.#####
..............# ###
......###.##### #.#


You could see a soldier ant, a hornet and a worm.

Vanquished Creatures
  The ghost of letownia the Magician, an amateur OpTm of Gozag (D:4)
  4 yaks
  Edmund (D:6)
  An ice beast (D:6)
  An orc warrior (D:7)
  3 sky beasts
  3 phantoms
  2 ogres
  2 big kobolds (D:8)
  2 bullfrogs
  3 scorpions
  4 wights (D:7)
  A crimson imp (D:6)
  4 orc wizards
  A centaur zombie (D:7)
  2 bullfrog zombies (D:7)
  A centaur skeleton (D:4)
  3 hounds
  7 worker ants
  Robin (D:4)
  5 gnolls
  5 adders
  A shadow imp (D:8)
  An ooze (D:2)
  An adder skeleton (D:7)
  An adder zombie (D:8)
  4 dart slugs (D:2)
  4 leopard geckos
  15 orcs
  5 giant cockroaches
  4 goblins
  11 hobgoblins
  5 jackals (D:4)
  A quokka (D:7)
  A ball python (D:1)
  2 bats (D:2)
  A frilled lizard (D:2)
  11 kobolds
  A quokka skeleton (D:4)
  6 rats
132 creatures vanquished.

Vanquished Creatures (collateral kills)
  A komodo dragon (D:8)
  A sky beast (D:6)
  An ogre (D:8)
  A wight (D:7)
  A crimson imp (D:5)
  3 gnolls
  2 kobolds (D:8)
10 creatures vanquished.

Grand Total: 142 creatures vanquished

Notes
Turn   | Place    | Note
-------+----------+-------------------------------------------
     0 | Abyss:1  | McKennaii the Demonspawn Abyssal Knight began the quest for the Orb.
     0 | Abyss:1  | Reached XP level 1. HP: 18/18 MP: 2/2
    42 | Abyss:1  | Noticed a raiju
    67 | Abyss:1  | Noticed a small abomination
    69 | D:1      | Escaped the Abyss
   246 | D:1      | Reached * piety under Lugonu
   612 | D:2      | Reached skill level 2 in Long Blades
   612 | D:2      | Gained mutation: When seriously injured, your bleeding wounds create armour. (AC +9) [demonic ancestry]
   612 | D:2      | Reached XP level 2. HP: 24/24 MP: 3/3
   765 | D:2      | Reached skill level 1 in Dodging
   778 | D:2      | Reached XP level 3. HP: 21/29 MP: 5/5
  1259 | D:3      | Found a sacrificial altar of Ru.
  1507 | D:3      | Reached XP level 4. HP: 27/37 MP: 6/6
  1904 | D:4      | Found a staircase to the Ecumenical Temple.
  1925 | D:4      | Noticed letownia's ghost (amateur OpTm)
  2013 | D:4      | Reached skill level 3 in Long Blades
  2087 | D:4      | Noticed Robin
  2096 | D:4      | Killed Robin
  2101 | D:4      | Reached ** piety under Lugonu
  2113 | D:4      | Reached XP level 5. HP: 27/42 MP: 7/7
  2546 | D:4      | Gained mutation: A weak demonic guardian rushes to your aid. [demonic ancestry]
  2546 | D:4      | Reached XP level 6. HP: 38/48 MP: 8/8
  2582 | D:4      | Reached skill level 4 in Long Blades
  2997 | D:4      | Killed letownia's ghost
  2997 | D:4      | Reached XP level 7. HP: 50/54 MP: 9/9
  3244 | D:4      | Reached skill level 5 in Long Blades
  3280 | D:5      | Entered Level 5 of the Dungeon
  3280 | D:5      | Found a hide-covered altar of Uskayaw.
  3280 | D:5      | Noticed a hand axe
  3280 | D:5      | Noticed a dagger
  3458 | D:5      | Found a white marble altar of Elyvilon.
  4184 | D:6      | Noticed Edmund
  4208 | D:6      | Killed Edmund
  4276 | D:6      | Gained mutation: When seriously injured, your bleeding wounds create thick armour. (AC +9) [demonic ancestry]
  4276 | D:6      | Reached XP level 8. HP: 24/61 MP: 10/10
  4423 | D:6      | Found Zorch's Elemental Accessories.
  4582 | D:6      | Reached skill level 5 in Armour
  4644 | D:6      | Reached skill level 5 in Fighting
  4644 | D:6      | Reached skill level 6 in Long Blades
  4832 | D:7      | Reached *** piety under Lugonu
  4844 | D:7      | Found a sparkling altar of Nemelex Xobeh.
  5667 | D:7      | Reached skill level 7 in Long Blades
  5889 | D:8      | Found a white marble altar of Elyvilon.
  5953 | D:8      | Gained mutation: You have sharp toenails. [demonic ancestry]
  5953 | D:8      | Reached XP level 9. HP: 59/68 MP: 11/11
  6133 | D:8      | Found a staircase to the Lair.
  6170 | D:8      | Noticed a komodo dragon
  6187 | D:8      | Killed a komodo dragon
  6187 | D:8      | Reached skill level 8 in Long Blades
  6441 | D:7      | Reached skill level 1 in Stealth
  6634 | D:8      | Identified Ryven's Grimoire of the Onion
  6860 | D:8      | Paralysed by a hornet for 3 turns
  6862 | D:8      | Slain by a hornet

Skill      XL: |  1  2  3  4  5  6  7  8  9 |
---------------+----------------------------+-----
Long Blades    | 2 3 4 5 7 8 |  8.9
Armour         | 2 3 4 5 6 |  6.3
Dodging        | 1 2 3 |  3.4
Fighting       | 4 5 6 |  6.3
Stealth        | 1 |  1.1
Invocations    | |  2.8

Action                   |  1- 3 |  4- 6 |  7- 9 || total
-------------------------+-------+-------+-------++-------
Melee: Falchion          |   100 |   164 |   256 ||   520
       Long sword        |       |       |   126 ||   126
       Kick              |       |       |    41 ||    41
Invok: Depart the Abyss  |     1 |       |       ||     1
  Use: Potion            |     3 |     2 |     1 ||     6
       Scroll            |       |     4 |     2 ||     6
  Eat: Chunk             |     2 |     3 |     9 ||    14
       Meat ration       |       |     1 |       ||     1
       Pizza             |       |       |     1 ||     1
Armor: Plate armour      |     9 |       |       ||     9
       Scale mail        |    43 |    87 |   134 ||   264
Dodge: Dodged            |    44 |   105 |   241 ||   390
       Rpst.: Falchion   |    14 |    33 |    46 ||    93
       Long sword        |       |       |    30 ||    30
